 Dungeon Crawl Stone Soup version 0.29-a0-1006-g0dd7720b37 (webtiles) character file.

Game seed: 3900500143509586759

435 Sobieck the Sneak (level 7, -14/34 HPs)
             Began as a Vine Stalker Brigand on Aug 6, 2022.
             Demolished by an ogre
             ... wielding a +0 giant club
              (17 damage)
             ... on level 4 of the Dungeon.
             The game lasted 00:06:14 (4253 turns).

Sobieck the Sneak (Vine Stalker Brigand)            Turns: 4253, Time: 00:06:15

Health: -14/34     AC:  5    Str: 13    XL:     7   Next: 0%
Magic:  0/8        EV: 11    Int: 11    God:
Gold:   1130       SH:  0    Dex: 18    Spells: 6/6 levels left

rFire   . . .      SeeInvis .   a - +2 dagger (vorpal) {short}
rCold   . . .      Faith    .   (no shield)
rNeg    . . .      Spirit   +   b - +0 robe
rPois   .          Reflect  .   y - +0 helmet
rElec   .          Harm     .   c - +0 cloak
rCorr   .          Rampage  .   g - +0 pair of gloves
Will    .....                   (no boots)
Stlth   ++++......              (no amulet)
HPRegen 0.91/turn               (no ring)
MPRegen 0.11/turn               (no ring)

@: no status effects
A: fangs 2, regeneration 1, magic shield, antimagic bite, no potion heal 2
a: no special abilities


You were on level 4 of the Dungeon.
You visited 1 branch of the dungeon, and saw 5 of its levels.

You collected 1130 gold pieces.


Innate Abilities, Weirdness & Mutations

You have extremely sharp teeth.
Your natural rate of healing is unusually fast.
When hurt, damage is shared between your health and your magic reserves.
Your bite disrupts and absorbs the magic of your enemies.
Potions cannot restore your health.


   Skills:
 - Level 1.7 Fighting
 * Level 5.5 Short Blades
 - Level 1.7 Throwing
 - Level 0.7 Dodging
 + Level 7.1 Stealth


You had 6 spell levels left.
You didn't know any spells.
Your spell library contained the following spells:

 Spells                   Type           Power      Damage    Failure   Level
 Magic Dart               Conj           0%         1d3       34%         1
 Summon Small Mammal      Summ           0%         N/A       34%         1
 Call Imp                 Summ           0%         N/A       47%         2
 Call Canine Familiar     Summ           0%         N/A       71%         3
 Mephitic Cloud           Conj/Pois/Air  0%         N/A       71%         3
 Summon Guardian Golem    Hex/Summ       0%         N/A       71%         3

Inventory:

Hand Weapons
 a - a +2 vorpal dagger (weapon) {short}
 E - a +1 dagger of holy wrath {short}
   (You found it on level 3 of the Dungeon)
Missiles
 d - 9 poisoned darts (quivered) {throwing}
 e - 3 curare-tipped darts {=fthrowing}
 r - 34 stones {throwing}
 F - 4 javelins {throwing}
 J - 9 boomerangs {throwing}
Armour
 b - a +0 robe (worn)
 c - a +0 cloak (worn)
 f - a +0 ring mail
   (You found it on level 1 of the Dungeon)
 g - a +0 pair of gloves (worn)
   (You found it on level 1 of the Dungeon)
 i - a +0 plate armour
   (You found it on level 4 of the Dungeon)
 m - a +0 leather armour
   (You found it on level 1 of the Dungeon)
 x - a +0 scale mail
   (You took it off Terence on level 2 of the Dungeon)
 y - a +0 helmet (worn)
   (You took it off Robin on level 2 of the Dungeon)
 A - a +0 animal skin
   (You took it off Robin on level 2 of the Dungeon)
 D - a +0 leather armour
   (You found it on level 3 of the Dungeon)
 H - a +0 robe
   (You found it on level 3 of the Dungeon)
Magical Staves
 h - a staff of earth {!astaff}
   (You found it on level 1 of the Dungeon)
Scrolls
 j - a scroll of immolation {unknown}
 n - a scroll of fear {unknown}
 t - 2 scrolls of teleportation {@r4}
 v - a scroll of magic mapping {!r}
 w - a scroll of enchant armour {unknown}
 C - a scroll of amnesia
Potions
 o - a potion of cancellation
 p - a potion of curing {unknown}
 q - 2 potions of flight {unknown}
 s - 2 potions of might {unknown}
 u - 2 potions of brilliance {unknown}
 B - a potion of mutation {unknown}
 I - a potion of magic {unknown}

Dungeon Overview and Level Annotations

Branches:
Dungeon (5/15) Zot: 25779
 Temple: D:4-7

Altars:

................#...#####..#
..................##..# ##.#
....................#.# #.#
......................# #.#
.....................## #.#
......................## #.#
.......................# #.#####
...............O>.....## #..##.#
................@....## ##...##
....................## ##...#
.....................# ##..#.##
.....................####..###.#
....................#.##..## ###
....................#.#..##
...................##...##
...................##..##
..........)............##


You could see an ogre.


Message History

A red film seems to cover your vision as you go berserk!
You feel yourself moving faster!
You feel mighty!
The ice beast hits you but does no damage.
Unknown command.
You barely miss the ice beast. You bite the ice beast! You drain its power.
You feel invigorated.
You hit the ice beast. The ice beast barely misses you.
You hit the ice beast but do no damage. You bite the ice beast!
You drain its power.
You feel invigorated.
You closely miss the ice beast. Your bite misses the ice beast.
The ice beast hits you. The ice beast freezes you!
Unknown command.
You closely miss the ice beast. You bite the ice beast. You drain its power.
You feel invigorated.
You barely miss the ice beast. Your punch misses the ice beast.
Your bite misses the ice beast. The ice beast closely misses you.
You hit the ice beast but do no damage. Your bite misses the ice beast.
You closely miss the ice beast. Your bite misses the ice beast.
The ice beast hits you. The ice beast freezes you!
You hit the ice beast. You hit the ice beast.
You kill the ice beast!
Your Stealth skill increases to level 7!
Unknown command.
You start resting.
You feel a strong urge to attack something.
You are no longer berserk.
You are exhausted.
You feel yourself slow down.
Your extra speed is starting to run out.
You feel yourself slow down.
There is a stone staircase leading down here.
You start waiting.
You feel yourself speed up.
Unknown command.
You start waiting.
You recover from your berserk rage.
Unknown command.
You climb downwards.
The gnoll closely misses you.
There is a stone staircase leading up here.
Danger!
Unknown command.
The gnoll barely misses you.
You hit the gnoll. You bite the gnoll. You drain its power. You hit the gnoll.
The gnoll hits you but does no damage.
You hit the gnoll but do no damage. You bite the gnoll.
You kill the gnoll!
No target in view!
No target in view!
Things that are here:
a +0 spear {polearm}; a gnoll corpse Danger!
A shadow imp comes into view.
An ogre comes into view. It is wielding a +0 giant club.
The helpless gnoll fails to defend itself.
You skewer the gnoll like a kebab!!!
You kill the gnoll!
The helpless gnoll fails to defend itself.
You perforate the gnoll like a sieve!!!
You kill the gnoll!
You have reached level 7!
An ufetubus comes into view.
The ogre shouts!
The shadow imp shouts!
The ufetubus shouts!
The shadow imp hits you but does no damage.
You hit the shadow imp.
You bite the shadow imp, but do no damage.
The shadow imp misses you.
The shadow imp attacks as you move away!
The shadow imp hits you. The shadow imp gestures at you.
Pain shoots through your body!
The shadow imp picks up a beetle and eats it.
The shadow imp shouts, "Remove thy stench, thou spongy flap-mouthed baggage!"
Things that are here:
a +0 spear {polearm}; a gnoll corpse Danger!
Okay, then.
Okay, then.
Unknown command.
There is a stone staircase leading up here.
Danger!
The ogre hits you with a +0 giant club!!
Ouch! That really hurt!
* * * LOW HITPOINT WARNING * * *
You climb upwards.
There is a stone staircase leading down here.
Unknown command.
The ogre hits you with a +0 giant club!
* * * LOW HITPOINT WARNING * * *
Unknown command.
You hit the ogre. You bite the ogre. You drain its power.
You feel invigorated.
You hit the ogre. You bite the ogre. You drain its power.
You feel invigorated. The ogre hits you with a +0 giant club!
* * * LOW HITPOINT WARNING * * *
You hit the ogre. You bite the ogre. You drain its power.
You feel invigorated.
Unknown command.
You hit the ogre. You bite the ogre. You drain its power.
You feel invigorated.
The ogre hits you with a +0 giant club!!
Ouch! That really hurt!
You die...

Skill      XL: |  1  2  3  4  5  6 |
---------------+-------------------+-----
Short Blades   | 2 3 4 5 |  5.5
Stealth        | 5 6 7 |  7.1
Fighting       | |  1.7
Throwing       | |  1.7
Dodging        | |  0.7

Action                   |  1- 3 |  4- 6 |  7- 9 || total
-------------------------+-------+-------+-------++-------
Melee: Dagger            |    63 |   108 |     5 ||   176
       Bite              |     7 |    29 |     5 ||    41
       Punch             |     1 |     3 |       ||     4
  Use: Scroll            |       |    11 |       ||    11
       Potion            |       |     2 |       ||     2
 Stab: Sleeping          |    10 |    15 |       ||    25
Armor: Robe              |    22 |    23 |     1 ||    46
Dodge: Dodged            |    34 |    42 |     1 ||    77

Levels and vault maps discovered:
D:1:      dpeg_arrival_radiant, layout_loops_ring, kennysheep_small_spiral
D:2:      layout_basic, uniq_terence, uniq_robin
D:3:      layout_loops_corners, basic_ecumenical_altar,
          chequers_serial_rivers_micro_a
D:4:      layout_layer_cave
D:5:      layout_loops_ring

Notes
Turn   | Place    | Note
-------+----------+-------------------------------------------
     0 | D:1      | Sobieck the Vine Stalker Brigand began the quest for the
                  | Orb.
     0 | D:1      | Reached XP level 1. HP: 11/11 MP: 2/2
   200 | D:1      | Reached skill level 2 in Short Blades
   282 | D:1      | Reached skill level 5 in Stealth
   287 | D:1      | Reached XP level 2. HP: 15/15 MP: 3/3
   332 | D:1      | You pick up a book of Callings and begin reading...
   332 | D:1      | You add the spells Summon Small Mammal, Call Canine
                  | Familiar and Summon Guardian Golem to your library.
   836 | D:1      | Reached XP level 3. HP: 12/18 MP: 2/4
  1643 | D:2      | Noticed Terence
  1653 | D:2      | Killed Terence
  1654 | D:2      | Reached skill level 3 in Short Blades
  1654 | D:2      | Gained mutation: Your natural rate of healing is unusually
                  | fast. [Vine Stalker growth]
  1654 | D:2      | Reached XP level 4. HP: 23/23 MP: 5/5
  1679 | D:2      | Noticed Robin
  1693 | D:2      | HP: 5/23 [something (4)]
  1727 | D:2      | Killed Robin
  2097 | D:2      | You pick up a book of Minor Magic and begin reading...
  2097 | D:2      | You add the spells Magic Dart, Call Imp and Mephitic Cloud
                  | to your library.
  2812 | D:3      | Found a faded altar of an unknown god.
  2984 | D:4      | Noticed an ogre
  2986 | D:4      | Killed an ogre
  2987 | D:4      | Reached skill level 4 in Short Blades
  2987 | D:4      | Reached skill level 6 in Stealth
  2987 | D:4      | Reached XP level 5. HP: 26/26 MP: 6/6
  2988 | D:4      | Identified a scroll of acquirement
  2988 | D:4      | Acquired 1012 gold pieces
  3104 | D:4      | Noticed a phantom
  3116 | D:4      | Killed a phantom
  3117 | D:4      | Reached XP level 6. HP: 22/30 MP: 7/7
  3706 | D:4      | Reached skill level 5 in Short Blades
  4051 | D:5      | Entered Level 5 of the Dungeon
  4081 | D:5      | Noticed an ice beast
  4104 | D:5      | HP: 7/30 [ice beast (11)]
  4141 | D:4      | Killed an ice beast
  4142 | D:4      | Reached skill level 7 in Stealth
  4214 | D:5      | Reached XP level 7. HP: 34/34 MP: 8/8
  4249 | D:4      | HP: 6/34 [ogre/+0 giant club (9)]
  4251 | D:4      | HP: 1/34 [ogre/+0 giant club (6)]
  4253 | D:4      | Demolished by an ogre

Vanquished Creatures
  An ice beast (D:4)
  An ogre (D:4)
  A phantom (D:4)
  An iguana (D:4)
  Terence (D:2)
  Robin (D:2)
  2 adders
  3 gnolls (D:5)
  An orc (D:3)
  6 endoplasms
  5 giant cockroaches
  15 goblins
  5 hobgoblins
  2 jackals (D:1)
  2 quokkas
  6 ball pythons
  8 bats
  3 frilled lizards (D:3)
  5 kobolds
  5 rats
74 creatures vanquished.

Table legend:
 A = Non-vault XP
 B = Vault XP
 C = Vault XP percentage of total XP
 D = Non-vault monster count
 E = Vault monster count
 F = Vault count percentage of total count
                 A         B        C        D         E       F
            +---------+---------+-------+---------+---------+-------
      Total |     560 |      62 |  10.0 |      66 |       8 |  10.8
            +---------+---------+-------+---------+---------+-------
        D:1 |      36 |       0 |   0.0 |      22 |       0 |   0.0
        D:2 |      18 |      62 |  77.5 |       9 |       8 |  47.1
        D:3 |      35 |       0 |   0.0 |      23 |       0 |   0.0
        D:4 |     416 |       0 |   0.0 |       8 |       0 |   0.0
        D:5 |      55 |       0 |   0.0 |       4 |       0 |   0.0
            +---------+---------+-------+---------+---------+-------

Illustrated notes

Table legend:
 A = Kills in this place as a percentage of kills in entire the game.
 B = Kills by you in this place as a percentage of kills by you in the entire game.
 C = Kills by friends in this place as a percentage of kills by friends in the entire game.
 D = Other kills in this place as a percentage of other kills in the entire game.
 E = Experience gained in this place as a percentage of experience gained in the entire game.
 F = Experience gained in this place divided by the number of levels of this place that you have seen.
                   A       B       C       D       E      F
               +-------+-------+-------+-------+-------+----------------------
         Total | 100.0 | 100.0 |   N/A |   N/A | 100.0 | 124.4
       Dungeon | 100.0 | 100.0 |   N/A |   N/A | 100.0 | 124.4
               +-------+-------+-------+-------+-------+----------------------

Table legend: (Time is in decaauts)
 A = Elapsed time spent in this place.
 B = Non-inter-level travel time spent in this place.
 C = Inter-level travel time spent in this place.
 D = Time resting spent in this place.
 E = Time spent auto-exploring this place.
 F = Levels seen in this place.
 G = Mean time per level.
                   A        B        C        D        E       F      G
               +--------+--------+--------+--------+--------+-----+--------+
         Total |   4220 |   4078 |    142 |    124 |   3364 |   5 |  844.0 |
       Dungeon |   4220 |   4078 |    142 |    124 |   3364 |   5 |  844.0 |
               +--------+--------+--------+--------+--------+-----+--------+

Top non-repeatable levels by time:
     D:4: 1113 daAuts
     D:1: 1099 daAuts
     D:2: 1080 daAuts
     D:3: 806 daAuts
     D:5: 120 daAuts
